 Dungeon Crawl Stone Soup version 0.21.1-1-g345015f (webtiles) character file.

175 wojtek the Chopper (level 5, -3/46 HPs)
             Began as a Minotaur Fighter on July 3, 2018.
             Slain by a wight
             ... wielding a cursed +0 great sword
              (5 damage)
             ... on level 2 of the Dungeon.
             The game lasted 00:02:55 (2027 turns).

wojtek the Chopper (Minotaur Fighter)               Turns: 2027, Time: 00:02:56

Health: -3/46      AC:  9    Str: 22    XL:     5   Next: 29%
Magic:  4/4        EV:  5    Int:  5    God:
Gold:   150        SH:  9    Dex:  9    Spells: 4/4 levels left

rFire    . . .     SeeInvis .   a - +0 war axe
rCold    . . .     Gourm    .   c - +0 shield
rNeg     . . .     Faith    .   m - +0 chain mail
rPois    .         Spirit   .   (helmet restricted)
rElec    .         Reflect  .   (no cloak)
rCorr    .         Harm     .   (no gloves)
MR       .....                  (no boots)
Stlth    ..........             (no amulet)
HPRegen  0.15/turn              (no ring)
MPRegen  0.09/turn              (no ring)

@: drained
A: retaliatory headbutt, horns 2
a: no special abilities


You were on level 2 of the Dungeon.
You were not hungry.

You visited 1 branch of the dungeon, and saw 3 of its levels.

You collected 150 gold pieces.

Inventory:

Hand Weapons
 a - a +0 war axe (weapon)
Armour
 c - a +0 shield (worn)
 m - a +0 chain mail (worn)
Scrolls
 b - 2 scrolls of remove curse {unknown}
 e - 2 scrolls of magic mapping {unknown}
 g - 2 scrolls of identify {unknown}
 i - a scroll of immolation {unknown}
 j - 3 scrolls of enchant weapon {unknown}
 o - a scroll of fog {unknown}
Potions
 d - 2 potions of might
 k - a potion of degeneration {unknown}
 l - 2 potions of mutation {unknown}
 n - a potion of brilliance {unknown}
Comestibles
 f - 3 rations
 h - a chunk of flesh


   Skills:
 + Level 3.6(3.2) Fighting
 + Level 6.7(6.2) Axes
 + Level 3.6(3.2) Armour
 + Level 0.0 Dodging
 + Level 3.6(3.2) Shields


You had 4 spell levels left.
You didn't know any spells.

Dungeon Overview and Level Annotations

Branches:
Dungeon (3/15)

Altars:
Elyvilon


Innate Abilities, Weirdness & Mutations

You reflexively headbutt those who attack you in melee.
You have a pair of horns on your head.


Message History

You headbutt the wight, but do no damage.
The wight is moderately damaged.
You hit the orc. The wight hits you with a great sword.
The orc hits you but does no damage.
You closely miss the wight.
The wight is moderately damaged.
You hit the orc. The wight hits you with a great sword!
* * * LOW HITPOINT WARNING * * *
The orc hits you but does no damage.
You hit the wight but do no damage.
The wight is moderately damaged.
You hit the orc.
You kill the orc!
The wight hits you with a great sword.
* * * LOW HITPOINT WARNING * * *
You hit the wight. Your headbutt misses the wight.
The wight is heavily damaged.
You block the wight's attack. The wight hits you with a great sword.
You die...

#....# #.#<#'#######.......#
#....####.##...........)....#
#...........................#
##.(......#.................'
#....#####.................#
#....+.....................#
#....#######'#######.......#
#....# #......# #.......#
#....# #.@....############
#....# #..z)..#.....# #
#....# ###>.........######
#....# #####...........##
###### #...............##
#...............##
#......)........'.
#...............##
#...............#


You could see a wight.

Vanquished Creatures
  A wight (D:3)
  3 gnolls (D:2)
  An adder (D:2)
  2 worms (D:2)
  5 dart slugs
  3 leopard geckos
  6 orcs
  6 bats
  3 giant cockroaches
  5 goblins
  9 hobgoblins
  6 jackals
  A quokka (D:2)
  4 frilled lizards
  7 kobolds
  2 rats
64 creatures vanquished.

Notes
Turn   | Place    | Note
-------+----------+-------------------------------------------
     0 | D:1      | wojtek the Minotaur Fighter began the quest for the Orb.
     0 | D:1      | Reached XP level 1. HP: 19/19 MP: 0/0
   106 | D:1      | Reached skill level 3 in Axes
   115 | D:1      | Reached XP level 2. HP: 19/26 MP: 1/1
   363 | D:1      | Reached skill level 4 in Axes
   465 | D:1      | Reached XP level 3. HP: 31/31 MP: 2/2
   944 | D:2      | Reached skill level 5 in Axes
  1090 | D:2      | Reached XP level 4. HP: 25/39 MP: 3/3
  1611 | D:3      | Found a white marble altar of Elyvilon.
  1617 | D:3      | Reached skill level 6 in Axes
  1672 | D:3      | Reached XP level 5. HP: 16/45 MP: 4/4
  2024 | D:2      | HP: 2/46 [wight/great sword (3)]
  2027 | D:2      | Slain by a wight

Skill      XL: |  1  2  3  4 |
---------------+-------------+-----
Axes           | 3 4 5 6 |  6.7
Fighting       | |  3.6
Armour         | |  3.6
Shields        | |  3.6

Action                   |  1- 3 |  4- 6 || total
-------------------------+-------+-------++-------
Melee: War axe           |   110 |    50 ||   160
       Headbutt          |    19 |     8 ||    27
  Eat: Chunk             |     1 |     3 ||     4
Armor: Scale mail        |    29 |       ||    29
       Chain mail        |    21 |    28 ||    49
Dodge: Dodged            |    33 |    13 ||    46
Block: Shield            |    59 |    33 ||    92
